 Dungeon Crawl Stone Soup version 0.17-a0-1133-gfb1399f (webtiles) character file.

7193 Hanyuu the Martial Artist (level 11, -10/108 HPs)
             Began as an Octopode Transmuter on May 25, 2015.
             Was a High Priest of Makhleb.
             Mangled by miau's ghost (29 damage)
             ... on level 10 of the Dungeon.
             The game lasted 00:39:08 (11514 turns).

Hanyuu the Martial Artist (Octopode Transmuter)    Turns: 11514, Time: 00:39:08

Health: -10/108    AC:  8    Str: 14    XL:     11   Next: 11%
Magic:  28/34      EV: 26    Int: 19    God:    Makhleb [*****.]
Gold:   429        SH:  0    Dex: 18    Spells: 3 memorised, 11 levels left

rFire  . . .     SeeInvis .       - Unarmed
rCold  + . .     Clarity  .     (shield currently unavailable)
rNeg   . . .     SustAt   .     (helmet currently unavailable)
rPois  x         Gourm    .     p - amulet of rage
rElec  .         Spirit   .     e - ring of magical power
rCorr  .         Warding  .     y - +6 ring of protection
rMut   .         Stasis   .     h - ring of teleport control
MR     .....                    k - ring of protection from cold
Stlth  ..........               S - ring of magical power
                                (no ring)
                                (no ring)
                                (no ring)

@: berserking (expiring), spider-form, very quick, not resistant to hostile
enchantments, extremely unstealthy
A: almost no armour, amphibious, 8 rings, (constrict 8), (camouflage 0),
(gelatinous body 0)
a: End Transformation, Minor Destruction, Lesser Servant of Makhleb, Major
Destruction, Greater Servant of Makhleb, Renounce Religion, Evoke Berserk Rage,
Evoke Teleport Control


You were on level 10 of the Dungeon.
You worshipped Makhleb.
Makhleb was extremely pleased with you.
You were hungry.
You were a venomous arachnid creature.
You visited 2 branches of the dungeon, and saw 11 of its levels.
You also visited: Sewer.

You collected 429 gold pieces.

Inventory:

Hand weapons
 b - a +1 blowgun
 M - a +0 club
Missiles
 g - 3 throwing nets (quivered)
 q - 3 javelins
 r - 110 arrows
 s - 39 poisoned needles
 u - 2 tomahawks
Magical staves
 H - an uncursed staff of conjuration
Jewellery
 e - a ring of magical power (left front leg)
 h - a ring of teleport control (on tentacle)
 k - a ring of protection from cold (on tentacle)
 p - an amulet of rage (around neck)
 y - a +6 ring of protection (right front leg)
 I - the ring "Vilept" {+Fly Int+5 Dex+2 Slay-2 SInv}
   (You acquired it on level 9 of the Dungeon)

   [ring of flight]

   It affects your intelligence (+5).
   It affects your dexterity (+2).
   It affects your accuracy and damage with ranged weapons and melee attacks
   (-2).
   It lets you see invisible.
   It lets you fly.
 S - a ring of magical power (on tentacle)
Magical devices
 m - a wand of lightning (12)
 w - a wand of cold (9)
 A - a wand of cold (12)
 D - a wand of disintegration (4)
 F - a wand of confusion (34)
 U - a wand of digging (12)
 V - a wand of paralysis (11)
Scrolls
 f - a scroll of remove curse
 j - 3 scrolls of teleportation
 n - a scroll of noise
 z - 2 scrolls of magic mapping
 C - a scroll of recharging
 N - 3 scrolls of blinking
 P - a scroll of fog
 Q - a scroll of identify
 R - a scroll of amnesia
Potions
 d - 2 potions of haste
 i - a potion of ambrosia
 l - a potion of magic {unknown}
 o - 3 potions of brilliance
 v - 5 potions of curing
 x - a potion of berserk rage
 B - a potion of degeneration {unknown}
 G - 2 potions of cancellation
 J - 2 potions of might {unknown}
 K - a potion of agility
 L - a potion of mutation {unknown}
Books
 c - a book of Changes

   Spells                             Type                      Level
   a - Beastly Appendage              Transmutation                1
   b - Sticks to Snakes               Transmutation                2
   c - Spider Form                    Transmutation/Poison         3
   d - Ice Form                       Ice/Transmutation            4
   e - Blade Hands                    Transmutation                5
Comestibles
 t - 10 bread rations
 E - 3 meat rations
 O - 6 beef jerkies
 T - 2 chunks of flesh


   Skills:
 + Level 6.2 Fighting
 - Level 2.0 Throwing
 - Level 7.0 Dodging
 * Level 12.0 Unarmed Combat
 - Level 3.6 Spellcasting
 + Level 6.4 Transmutations
 - Level 1.4 Poison Magic


You had 11 spell levels left.
You knew the following spells:

 Your Spells              Type           Power        Failure   Level  Hunger
a - Beastly Appendage     Trmt           ####..       6%          1    None
b - Sticks to Snakes      Trmt           ####......   6%          2    ##.....
c - Spider Form           Trmt/Pois      ###.......   28%         3    ###....


Dungeon Overview and Level Annotations

Branches:
Dungeon (10/15)            Temple (1/1) D:5            Lair (0/8) D:8
    Orc: D:9-12

Altars:
Ashenzari
Cheibriados
Dithmenos
Elyvilon
Fedhas
Gozag
Kikubaaqudgha
Makhleb
Nemelex Xobeh
Okawaru
Qazlal
Ru
Sif Muna
Trog
Vehumet
Xom
Yredelemnul
Zin
The Shining One

Shops:
D:6 [   D:7 [

Annotations:
D:10 miau's ghost, experienced TrMo


Innate Abilities, Weirdness & Mutations

You cannot wear most types of armour.
You are amphibious.
You can wear up to eight rings at the same time.
((You can use your tentacles to constrict eight enemies at once.))
((Your skin changes colour to match your surroundings (Stealth).))
((Your rubbery body absorbs attacks (AC +1).))


Message History

Your ball python misses miau's ghost.
You completely miss miau's ghost.
Miau's ghost is heavily damaged.
Your ball python completely misses miau's ghost.
Miau's ghost completely misses you.
Your adder barely misses miau's ghost.
Your ball python bites miau's ghost but does no damage.
You barely miss miau's ghost.
Miau's ghost is heavily damaged.
Your ball python barely misses miau's ghost.
You closely miss miau's ghost.
Miau's ghost is heavily damaged.
Your ball python completely misses miau's ghost.
Your adder closely misses miau's ghost.
Miau's ghost hits you.
* * * LOW HITPOINT WARNING * * *
You miss miau's ghost.
Miau's ghost is heavily damaged.
Your ball python closely misses miau's ghost.
Your ball python misses miau's ghost.
Your adder closely misses miau's ghost.
Miau's ghost hits you!!
You die...

..#.........#.......<.......
..#.........#...............
..#.........#...............
..############'#.....###+###
.........#.....#.....#
.........#.....#.....#
.........#.....#.....#
#################################
................sWS..............
.................SS...(..........
...............................(.
.................................
.............................(.(.
..............................(..
.................................
.................................
#############....................


You could see miau's ghost, a friendly adder and 2 friendly ball pythons.

Vanquished Creatures
  A wizard (D:9)
  A komodo dragon (D:8)
  Prince Ribbit (D:6)
  A two-headed ogre (D:8)
  A trapdoor spider (D:9)
  A deep elf mage (D:9)
  3 yaks (D:10)
  A hungry ghost (D:8)
  Duvessa (D:7)
  Purgy (Sewer)
  An orc warrior (D:8)
  A water moccasin (D:7)
  3 ogres
  3 phantoms (D:6)
  2 sky beasts
  2 ice beasts
  3 black bears
  7 necrophages
  A wasp (D:9)
  2 centaurs
  Blork the orc (D:6)
  4 giant frogs
  2 big kobolds
  Dowan (D:7)
  A wyvern skeleton (D:8)
  A wyvern zombie (D:9)
  6 scorpions
  6 wights
  7 crimson imps
  A centaur zombie (D:9)
  A wasp zombie (D:8)
  7 hounds
  Crazy Yiuf (D:2)
  A giant frog skeleton (D:9)
  A quasit (D:6)
  5 iguanas
  4 jellies
  10 orc wizards
  Natasha (D:2)
  3 orc priests
  5 worker ants
  A hound zombie (D:9)
  A mummy (D:9)
  3 hound skeletons
  3 gnolls (D:7)
  A shadow imp (D:5)
  13 adders
  3 oozes
  5 worms
  9 giant geckos
  18 orcs
  2 ball pythons
  22 bats
  15 giant cockroaches
  9 goblins
  9 hobgoblins
  10 jackals
  6 quokkas
  A ball python skeleton (D:3)
  A giant gecko skeleton (D:8)
  8 giant newts
  23 kobolds
  20 rats
289 creatures vanquished.

Vanquished Creatures (others)
  A plant (D:8)
1 creature vanquished.

Grand Total: 290 creatures vanquished

Notes
Turn   | Place    | Note
--------------------------------------------------------------
     0 | D:1      | Hanyuu the Octopode Transmuter began the quest for the Orb.
     0 | D:1      | Reached XP level 1. HP: 13/13 MP: 3/3
   233 | D:1      | Reached XP level 2. HP: 13/18 MP: 5/5
   581 | D:1      | Reached skill level 4 in Unarmed Combat
   597 | D:1      | Reached XP level 3. HP: 5/23 MP: 6/6
   903 | D:1      | Learned a level 2 spell: Sticks to Snakes
   907 | D:1      | Learned a level 3 spell: Spider Form
  1411 | D:2      | Reached XP level 4. HP: 28/28 MP: 7/7
  1465 | D:2      | Noticed Crazy Yiuf
  1477 | D:2      | Killed Crazy Yiuf
  1477 | D:2      | Reached skill level 1 in Poison Magic
  1564 | D:2      | Found a sparkling altar of Nemelex Xobeh.
  1566 | D:2      | Found a stormy altar of Qazlal.
  1674 | D:2      | Reached skill level 5 in Unarmed Combat
  1944 | D:2      | Found a sacrificial altar of Ru.
  2003 | D:2      | Reached XP level 5. HP: 33/33 MP: 8/8
  2056 | D:2      | Noticed Natasha
  2062 | D:2      | Killed Natasha
  3287 | D:3      | Found a sparkling altar of Nemelex Xobeh.
  4022 | D:3      | Reached XP level 6. HP: 24/39 MP: 9/9
  4341 | D:4      | Found a stormy altar of Qazlal.
  4342 | D:4      | Noticed an air elemental
  4343 | D:4      | Noticed a water elemental
  4343 | D:4      | Noticed a fire elemental
  4932 | D:4      | Reached skill level 6 in Unarmed Combat
  5347 | D:5      | Entered Level 5 of the Dungeon
  5379 | D:5      | Reached XP level 7. HP: 15/45 MP: 10/10
  5844 | D:5      | Found a staircase to the Ecumenical Temple.
  6116 | Temple   | Entered the Ecumenical Temple
  6135 | Temple   | Became a worshipper of Makhleb the Destroyer
  6281 | D:5      | Reached skill level 7 in Unarmed Combat
  6471 | D:6      | Reached XP level 8. HP: 42/53 MP: 11/11
  6572 | D:6      | Found a glowing drain.
  6587 | D:6      | Acquired Makhleb's first power
  6606 | D:6      | Reached skill level 8 in Unarmed Combat
  6618 | Sewer    | Entered a sewer
  6835 | Sewer    | Noticed Purgy
  6848 | Sewer    | Killed Purgy
  7054 | D:6      | Noticed Prince Ribbit
  7071 | D:6      | Killed Prince Ribbit
  7071 | D:6      | Reached skill level 5 in Fighting
  7071 | D:6      | Reached skill level 5 in Dodging
  7071 | D:6      | Reached XP level 9. HP: 51/61 MP: 12/12
  7140 | D:6      | Reached skill level 9 in Unarmed Combat
  7170 | D:6      | Found Qifynlic's Antique Armour Emporium.
  7244 | D:6      | Acquired Makhleb's second power
  7282 | D:6      | Noticed Blork the orc
  7400 | D:6      | Killed Blork the orc
  7401 | D:6      | Found a deep blue altar of Sif Muna.
  8041 | D:7      | Reached skill level 1 in Throwing
  8155 | D:7      | Found Lufiol's Armour Shop.
  8342 | D:7      | Noticed Duvessa
  8356 | D:7      | Killed Duvessa
  8357 | D:7      | Noticed Dowan
  8362 | D:7      | Killed Dowan
  8362 | D:7      | Acquired Makhleb's third power
  8620 | D:7      | Reached skill level 10 in Unarmed Combat
  9475 | D:8      | Reached XP level 10. HP: 68/68 MP: 15/15
  9925 | D:8      | Found a staircase to the Lair.
  9926 | D:8      | Noticed a komodo dragon
  9931 | D:8      | Reached skill level 5 in Transmutations
  9946 | D:8      | Killed a komodo dragon
 10183 | D:8      | Acquired Makhleb's fourth power
 10298 | D:8      | Found an opulent altar of Gozag.
 10389 | D:9      | Identified a scroll of acquirement
 10392 | D:9      | Got a scorched bronze ring
 10393 | D:9      | Identified the ring "Vilept" {+Fly Int+5 Dex+2 Slay-2 SInv} (You acquired it on level 9 of the Dungeon)
 10479 | D:9      | Reached skill level 11 in Unarmed Combat
 11068 | D:9      | Acquired Makhleb's fifth power
 11144 | D:9      | Noticed a wizard
 11175 | D:9      | Killed a wizard
 11175 | D:9      | Reached XP level 11. HP: 63/72 MP: 16/16
 11240 | D:10     | Entered Level 10 of the Dungeon
 11429 | D:10     | Reached skill level 12 in Unarmed Combat
 11483 | D:10     | Noticed miau's ghost (experienced TrMo)
 11514 | D:10     | Mangled by miau's ghost

Vault maps used:
D:1:      mrwooster_arrival_statue, minmay_newt_pond
D:2:      nicolae_overflow_hidden_temple, first_bread, nicolae_ru_path_of_blood,
          uniq_natasha, uniq_crazy_yiuf_cottage
D:3:      nemelex_dance_club_becter
D:4:      nicolae_qazlal_style_of_elements
D:5:      temple_doors_e, hangedman_decor_points
D:6:      serial_shops, kennysheep_mini_moat, gup_sewer_entry_glass, tgw_sif,
          uniq_prince_ribbit1
D:7:      serial_shops, nicolae_shop_behind_doors, grunt_ogre_cave,
          serial_bayou_pond_d, hex_large, uniq_duvessa
D:8:      grunt_gozag_breadcrumbs, david_lair_shrubbed, lemuel_old_faithful
D:9:      serial_undead, serial_undead_d, serial_undead_f, serial_undead_d,
          serial_undead_d, lightli_wizard_tower
D:10:     minmay_librarian
Temple:   lightli_temple_of_artemis
Sewer:    sewer_big_baddie

Action                   |  1- 3 |  4- 6 |  7- 9 | 10-12 || total
-------------------------+-------+-------+-------+-------++-------
Melee: Unarmed           |    81 |   167 |   348 |   270 ||   866
 Fire: Blowgun           |       |       |    11 |    28 ||    39
 Cast: Beastly Appendage |     2 |     2 |     1 |     4 ||     9
       Spider Form       |       |     5 |    23 |    10 ||    38
       Sticks to Snakes  |       |       |       |     4 ||     4
 Abil: Evoke Berserk Rag |       |       |     2 |     1 ||     3
  Use: Scroll            |       |     7 |    13 |     2 ||    22
       Potion            |       |       |     1 |     2 ||     3
 Stab: Sleeping          |     3 |    15 |    11 |     7 ||    36
       Distracted        |     1 |       |     4 |       ||     5
  Eat: Chunk             |     2 |    10 |    14 |     9 ||    35
       Beef jerky        |       |     1 |       |       ||     1
       Meat ration       |       |       |     1 |       ||     1
